 Dungeon Crawl Stone Soup version 0.30-a0-723-gc1506a1cf0 (webtiles) character file.

Game seed: 13286609878141515232

378 timneilson the Covered (level 6, -1/38 HPs)
             Began as a Gargoyle Fighter on Jan 28, 2023.
             Slain by a water moccasin (4 damage)
             ... on level 5 of the Dungeon.
             The game lasted 00:06:47 (3173 turns).

timneilson the Covered (Gargoyle Fighter)           Turns: 3173, Time: 00:06:48

Health: -1/38      AC: 12    Str: 22    XL:     6   Next: 74%
Magic:  6/6        EV:  9    Int:  8    God:
Gold:   915        SH:  4    Dex:  9    Spells: 5/5 levels left

rFire   . . .      SeeInvis .    a - +1 long sword
rCold   . . .      Faith    .    c - +0 buckler
rNeg    + . .      Spirit   .    b - +0 scale mail
rPois   ∞          Reflect  .    v - +0 helmet
rElec   +          Harm     .    (no cloak)
rCorr   +          Rampage  .    t - +1 pair of gloves
Will    .....                    j - +0 pair of boots Stlth
                                 (no amulet)
HPRegen 0.26/turn                q - ring of resist corrosion
MPRegen 0.10/turn                (no ring)

@: mighty, corroded
A: sickness immunity, AC +4, negative energy resistance 1, electricity
resistance, torment resistance 1, petrification resistance
a: no special abilities


You were on level 5 of the Dungeon.
You visited 1 branch of the dungeon, and saw 5 of its levels.

You collected 915 gold pieces.

Inventory:

Hand Weapons
 a - a +1 long sword (weapon)
Armour
 b - a +0 scale mail (worn)
 c - a +0 buckler (worn)
 j - a +0 pair of boots (worn)
 t - a +1 pair of gloves (worn)
 v - a +0 helmet (worn)
Jewellery
 i - a ring of fire
 q - a ring of resist corrosion (left hand)
Scrolls
 h - a scroll of poison
 w - a scroll of enchant armour
Potions
 f - a potion of attraction
 g - a potion of lignification
 k - a potion of magic {unknown}
 l - a potion of haste {unknown}
 m - 3 potions of cancellation
 n - a potion of invisibility {unknown}
 p - a potion of berserk rage {unknown}


   Skills:
 + Level 4.2 Fighting
 * Level 3.5 Long Blades
 * Level 4.8 Armour
 + Level 1.6 Dodging
 * Level 4.8 Shields


You had 5 spell levels left.
You didn't know any spells.
Your spell library contained the following spells:

 Spells                   Type           Power      Damage    Failure   Level
 Gell's Gravitas          Tloc           0%         N/A       99%         3
 Teleport Other           Tloc           0%         N/A       99%         3
 Dispersal                Tloc           0%         N/A       100%        6


Dungeon Overview and Level Annotations

Branches:
Dungeon (5/15)
 Temple: D:4-7

Altars:

Shops:
D:2 *!=*

Annotations:
D:3 2 runed translucent doors


Innate Abilities, Weirdness & Mutations

You are immune to sickness and miasma.
Your stone body is resilient. (AC +4)
You are immune to poison.
You resist negative energy. (rN+)
You are resistant to electric shocks. (rElec)
You are resistant to unholy torment.
You are immune to petrification.


Message History

You block the water moccasin's attack. The jelly barely misses you.
You hit the jelly.
Your hands burn!
The jelly is severely wounded.
The water moccasin bites you.
* * * LOW HITPOINT WARNING * * *
The jelly barely misses you.
The water moccasin bites you but does no damage.
You barely miss the jelly.
The jelly is severely wounded.
You block the water moccasin's attack. The jelly hits you but does no damage.
The water moccasin bites you but does no damage.
You hit the jelly but do no damage.
Your hands burn!
* * * LOW HITPOINT WARNING * * *
The jelly is severely wounded.
The jelly hits you but does no damage. The water moccasin bites you.
* * * LOW HITPOINT WARNING * * *
The water moccasin barely misses you. The jelly barely misses you.
You feel very mighty all of a sudden. You block the water moccasin's attack.
The jelly hits you.
* * * LOW HITPOINT WARNING * * *
The acid corrodes you!
You are splashed with acid.
You resist.
* * * LOW HITPOINT WARNING * * *
You barely miss the jelly.
The jelly is severely wounded.
The water moccasin closely misses you. You block the jelly's attack.
The water moccasin bites you but does no damage.
You slash the jelly!
You kill the jelly!
The water moccasin barely misses you. The water moccasin closely misses you.
You closely miss the water moccasin.
The water moccasin is heavily wounded.
The water moccasin bites you.
* * * LOW HITPOINT WARNING * * *
You hit the water moccasin.
The water moccasin is severely wounded.
The water moccasin barely misses you. The water moccasin closely misses you.
You miss the water moccasin.
The water moccasin is severely wounded.
The water moccasin bites you.
You die...

.... ...# .!..
...# ..... #..
.....#####.##
............# .
#.......#.## ...
##..........#.....
......S@..<...>...
..................
.....?............
....).............
#~....#...........
~~~~####..........
~~## #........##
## #.......##


You could see a water moccasin.

Vanquished Creatures
  A phantom (D:4)
  A jelly (D:5)
  3 orc priests
  2 orc wizards (D:4)
  3 adders
  An ufetubus (D:4)
  A worm (D:2)
  A dart slug (D:2)
  13 orcs
  5 endoplasms
  5 giant cockroaches
  9 goblins
  6 hobgoblins
  2 jackals (D:1)
  A quokka (D:4)
  8 ball pythons
  5 bats
  4 frilled lizards
  10 kobolds
  8 rats
89 creatures vanquished.

Vanquished Creatures (others)
  A withered plant (D:1)
1 creature vanquished.

Grand Total: 90 creatures vanquished

Notes
Turn   | Place    | Note
-------+----------+-------------------------------------------
     0 | D:1      | timneilson the Gargoyle Fighter began the quest for the
                  | Orb.
     0 | D:1      | Reached XP level 1. HP: 14/14 MP: 1/1
    62 | D:1      | Reached XP level 2. HP: 18/19 MP: 2/2
   115 | D:1      | Found a faded altar of an unknown god.
   580 | D:2      | Found Vaskip's Assorted Antiques.
   583 | D:2      | Reached XP level 3. HP: 23/23 MP: 3/3
   637 | D:2      | Found Tobekhaps's Distillery.
   708 | D:2      | Found Zedoy's Jewellery Shop.
  1085 | D:2      | Found Bejuyk's Assorted Antiques.
  1573 | D:3      | Reached XP level 4. HP: 28/28 MP: 4/4
  1621 | D:3      | Reached skill level 1 in Dodging
  1780 | D:3      | Found a large runed translucent door.
  1781 | D:3      | Found a large runed translucent door.
  2055 | D:4      | Reached XP level 5. HP: 15/33 MP: 5/5
  2306 | D:4      | Noticed a phantom
  2320 | D:4      | Killed a phantom
  2321 | D:4      | Reached XP level 6. HP: 28/38 MP: 6/6
  3105 | D:4      | Identified a scroll of acquirement
  3105 | D:4      | Acquired 730 gold pieces
  3153 | D:5      | Entered Level 5 of the Dungeon
  3153 | D:5      | Noticed a water moccasin
  3173 | D:5      | Slain by a water moccasin

Illustrated notes

Levels and vault maps discovered:
D:1:      erik_arrival_orb_chamber, layout_rooms,
          ebering_ecumenical_altar_petrified
D:2:      layout_basic, serial_shops, nicolae_shop_competitors_out_of_business,
          shop, nicolae_shop_window_shopping, nicolae_shop_waterfront
D:3:      layout_rooms, jmf_multi_god_temple2, kennysheep_flooded_box
D:4:      layout_basic
D:5:      layout_cave_pools, enter_ossuary_5, chequers_serial_rivers_large_b,
          minmay_misc_feat_columns, uniq_eustachio

Skill      XL: |  1  2  3  4  5  6 |
---------------+-------------------+-----
Long Blades    | 2 3 |  3.5
Armour         | 4 |  4.8
Shields        | 4 |  4.8
Dodging        | 1 |  1.6
Fighting       | 4 |  4.2

Action                     |  1- 3 |  4- 6 || total
---------------------------+-------+-------++-------
  Melee: Long sword        |   133 |   219 ||   352
    Use: Scroll            |     6 |     9 ||    15
         Potion            |       |     3 ||     3
 Armour: Scale mail        |    85 |   135 ||   220
  Dodge: Dodged            |    64 |    82 ||   146
  Block: Buckler           |    25 |    37 ||    62

Table legend: (Time is in decaauts)
 A = Elapsed time spent in this place.
 B = Non-inter-level travel time spent in this place.
 C = Inter-level travel time spent in this place.
 D = Time resting spent in this place.
 E = Time spent auto-exploring this place.
 F = Levels seen in this place.
 G = Mean time per level.
                   A        B        C        D        E       F      G
               +--------+--------+--------+--------+--------+-----+--------+
         Total |   3281 |   3169 |    112 |     14 |   2347 |   5 |  656.2 |
       Dungeon |   3281 |   3169 |    112 |     14 |   2347 |   5 |  656.2 |
               +--------+--------+--------+--------+--------+-----+--------+

Top non-repeatable levels by time:
     D:4: 1199 daAuts
     D:2: 996 daAuts
     D:1: 602 daAuts
     D:3: 458 daAuts
     D:5: 23 daAuts
